 Dungeon Crawl Stone Soup version 0.17-a0-1430-g49fde19 (webtiles) character file.

32 bal the Ruffian (level 3, 0/28 HPs)
             Began as a Draconian Transmuter on June 25, 2015.
             Slain by an adder (5 damage)
             ... on level 2 of the Dungeon.
             The game lasted 00:02:36 (677 turns).

bal the Ruffian (Draconian Transmuter)               Turns: 677, Time: 00:02:37

Health: 0/28       AC:  5    Str: 13    XL:     3   Next: 10%
Magic:  3/6        EV: 12    Int: 13    God:
Gold:   87         SH:  0    Dex: 11    Spells: 2 memorised, 3 levels left

rFire  . . .     SeeInvis .       - Unarmed
rCold  . . .     Clarity  .     (armour unavailable)
rNeg   . . .     SustAt   .     (no shield)
rPois  .         Gourm    .     (helmet restricted)
rElec  .         Spirit   .     (no cloak)
rCorr  .         Warding  .     (no gloves)
rMut   .         Stasis   .     (no boots)
MR     .....                    (no amulet)
Stlth  +.........               (no ring)
                                (no ring)

@: lethally poisoned (0 -> -6), appendage (expiring), not resistant to hostile
enchantments, very unstealthy
A: unfitting armour, horns 2, cold-blooded, AC +5
a: End Transformation


You were on level 2 of the Dungeon.
You were not hungry.
You had grown temporary horns.
You visited 1 branch of the dungeon, and saw 2 of its levels.

You collected 87 gold pieces.

Inventory:

Missiles
 a - 9 arrows
Jewellery
 i - a +3 ring of dexterity {unknown}
 m - an uncursed ring of poison resistance {unknown}
Scrolls
 f - a scroll of identify {unknown}
 j - a scroll of fear {unknown}
 k - a scroll of enchant armour {unknown}
Potions
 e - a potion of curing {unknown}
 g - a potion of might {unknown}
 h - a potion of resistance {unknown}
 l - a potion of degeneration {unknown}
Books
 b - a book of Changes

   Spells                             Type                      Level
   a - Beastly Appendage              Transmutation                1
   b - Sticks to Snakes               Transmutation                2
   c - Spider Form                    Transmutation/Poison         3
   d - Ice Form                       Ice/Transmutation            4
   e - Blade Hands                    Transmutation                5
Comestibles
 c - a bread ration


   Skills:
 + Level 1.2 Fighting
 + Level 2.3 Dodging
 + Level 3.4 Unarmed Combat
 + Level 2.1 Spellcasting
 + Level 2.3 Transmutations


You had 3 spell levels left.
You knew the following spells:

 Your Spells              Type           Power        Failure   Level  Hunger
a - Beastly Appendage     Trmt           #.....       12%         1    ##.....
b - Sticks to Snakes      Trmt           #.........   17%         2    ###....


Dungeon Overview and Level Annotations

Branches:
Dungeon (2/15)

Altars:


Innate Abilities, Weirdness & Mutations

Your plain brown scales are hard (AC +5).
Your body does not fit into most forms of armour.
You are cold-blooded and may be slowed by cold attacks.
You have a pair of horns on your head.


Message History

The adder is heavily wounded.
You feel sick. The adder barely misses you. The goblin hits you.
* * * LOW HITPOINT WARNING * * *
You are too injured to fight recklessly!
You are too injured to fight recklessly!
You are too injured to fight recklessly!
You are too injured to fight recklessly!
You are too injured to fight recklessly!
You closely miss the adder.
The adder is heavily wounded.
The adder bites you but does no damage.
You closely miss the adder.
The adder is heavily wounded.
The goblin barely misses you. The adder bites you but does no damage.
Casting: Beastly Appendage
Confirm with . or Enter, or press ? or * to list all spells.
You create a snake!
* * * LOW HITPOINT WARNING * * *
You feel sick. The adder bites you.
You die...

#...... ### ## #...#
..# #.# ##<.# #.#
#.###...# # #.#
#.#.#..#
#.####.#####..##..#
.#.....!..)........#
.........#####.##..#
######@## #.##..#
#SgS.........#
#h..........##
#.######.### #.# #.#
... .# ###


You could see an adder, a jackal, a goblin and a friendly ball python.

Vanquished Creatures
  An adder (D:2)
  5 bats (D:1)
  A goblin (D:1)
  3 hobgoblins
  2 giant newts (D:1)
  7 jackals
  A kobold (D:1)
  2 rats (D:1)
22 creatures vanquished.

Vanquished Creatures (collateral kills)
  A giant newt (D:1)
  A goblin (D:1)
  A rat (D:1)
3 creatures vanquished.

Grand Total: 25 creatures vanquished

Notes
Turn   | Place    | Note
--------------------------------------------------------------
     0 | D:1      | bal the Draconian Transmuter began the quest for the Orb.
     0 | D:1      | Reached XP level 1. HP: 16/16 MP: 3/3
   178 | D:1      | Reached XP level 2. HP: 11/23 MP: 5/5
   218 | D:1      | Learned a level 2 spell: Sticks to Snakes
   654 | D:2      | Reached XP level 3. HP: 28/28 MP: 6/6
   677 | D:2      | Slain by an adder

Vault maps used:
D:1:      roderic_dead_forest, hangedman_decor_opposing
D:2:      ecumenical_altar_2, first_bread, nicolae_qazlal_style_of_elements

Action                   || total
-------------------------++-------
Melee: Unarmed           ||    98
 Cast: Beastly Appendage ||     4
       Sticks to Snakes  ||     3
